 Dungeon Crawl Stone Soup version 0.22.0-38-g04b72b8c25 (webtiles) character file.

6178 Loge the Grappler (level 10, -4/153 HPs)
             Began as a Troll Monk on Aug 26, 2018.
             Was an Elder of Makhleb.
             Hit by a javelin of returning thrown by a minotaur (30 damage)
             ... in a labyrinth.
             The game lasted 00:32:34 (8457 turns).

Loge the Grappler (Troll Monk)                      Turns: 8457, Time: 00:32:35

Health: -4/153     AC:  6    Str: 26    XL:     10   Next: 60%
Magic:  14/14      EV: 17    Int:  6    God:    Makhleb [****..]
Gold:   587        SH:  0    Dex: 20    Spells: 9/9 levels left

rFire    . . .     SeeInvis +     - Unarmed
rCold    . . .     Gourm    +   (no shield)
rNeg     . . .     Faith    .   a - +1 robe
rPois    .         Spirit   .   (helmet restricted)
rElec    .         Reflect  .   (no cloak)
rCorr    .         Harm     .   (gloves unavailable)
MR       .....                  (boots unavailable)
Stlth    ..........             (no amulet)
HPRegen  0.75/turn              f - ring of stealth
MPRegen  0.14/turn              y - ring of see invisible

@: agile, berserking, very quick
A: large, unfitting armour, claws 3, fast metabolism 3, gourmand, regeneration
1, shaggy fur 1, tough skin 2
a: Minor Destruction, Lesser Servant of Makhleb, Major Destruction, Renounce
Religion


You were in a labyrinth.
You worshipped Makhleb.
Makhleb was greatly pleased with you.
You were not hungry.

You visited 2 branches of the dungeon, and saw 11 of its levels.
You also visited: Labyrinth.

You collected 587 gold pieces.

Inventory:

Hand Weapons
 r - a +0 blowgun
 H - a +0 whip of freezing
Missiles
 s - 62 poisoned needles
 D - 11 tomahawks (quivered)
Armour
 a - a +1 robe (worn)
Jewellery
 f - a ring of stealth (left claw)
 y - a ring of see invisible (right claw)
 F - an uncursed amulet of harm
Wands
 v - a wand of digging (23)
 w - a wand of enslavement (7)
 G - a wand of flame (18)
Scrolls
 d - 4 scrolls of immolation
 e - 2 scrolls of magic mapping
 g - 3 scrolls of teleportation
 j - a scroll of blinking {unknown}
 o - 2 scrolls of fog
 x - 6 scrolls of remove curse
 A - a scroll of enchant armour
Potions
 c - 3 potions of lignification
 i - 2 potions of ambrosia
 l - 5 potions of curing
 m - 2 potions of flight
 n - 2 potions of cancellation
 p - 4 potions of heal wounds
 q - 2 potions of brilliance
 t - 2 potions of haste
 u - a potion of agility
 B - a potion of degeneration {unknown}
 E - a potion of might {unknown}
Comestibles
 b - 19 rations


   Skills:
 + Level 7.2 Fighting
 + Level 3.2 Dodging
 - Level 1.0 Stealth
 * Level 11.5 Unarmed Combat
 + Level 7.0 Invocations


You had 9 spell levels left.
You didn't know any spells.
Your spell library was empty.

Dungeon Overview and Level Annotations

Branches:
Dungeon (10/15)            Temple (0/1) D:6            Lair (1/6) D:8
    Orc: D:9-12

Altars:
Fedhas
Gozag
Hepliaklqana
Makhleb
Nemelex Xobeh
Okawaru
Qazlal
Trog
Uskayaw
Wu Jian
Yredelemnul
Zin

Annotations:
D:9 exclusion: hippogriff, Psyche
D:10 exclusion: orc priest


Innate Abilities, Weirdness & Mutations

You are too large for most types of armour.
You have claws for hands.
Your metabolism is lightning-fast.
You like to eat raw meat.
Your natural rate of healing is unusually fast.
You are covered in fur. (AC +1)
You have very tough skin. (AC +2)


Message History

Your neqoxec dies!
Your white imp disappears in a puff of smoke!
Your iron imp disappears in a puff of smoke!
The minotaur throws a javelin of returning.
The javelin of returning misses you.
The weapon returns to the minotaur!
You feel agile all of a sudden.
The minotaur throws a javelin of returning.
The javelin of returning hits you!!
* * * LOW HITPOINT WARNING * * *
The weapon returns to the minotaur!
A red film seems to cover your vision as you go berserk!
You feel yourself moving faster!
You feel mighty!
The minotaur throws a javelin of returning.
The javelin of returning hits you!
* * * LOW HITPOINT WARNING * * *
The weapon returns to the minotaur!
You feel a strong urge to attack something.
The minotaur throws a javelin of returning.
The javelin of returning hits you!!
You die...

.####### # #
...#. . ... .#
# ## ... ...
.. ....####
### # . .##.#
.# .. # . ##
##.# # # # #
#..# #.# #..
.#.####.##...#
# #
.#....@.H..#
.#
.#.#######.#
.# .. ....# #
.....
#.#####.#
####..#. ...#
# ....#####.#
#.####. . .# #
##### # #


You could see a minotaur.

Vanquished Creatures
  Harold (D:7)
  Pikel (D:8)
  A spiny frog (Lair:1)
  A troll (D:8)
  Prince Ribbit (D:7)
  A hornet (D:8)
  3 yaks (D:10)
  A hungry ghost (D:8)
  A water moccasin (Lair:1)
  3 ice beasts
  A sky beast (D:5)
  4 orc warriors
  A black bear (D:6)
  2 slaves (D:8)
  An ogre (D:6)
  4 centaurs
  5 bullfrogs
  A wyvern skeleton (D:10)
  3 scorpions
  6 wights (D:8)
  2 electric eels (D:8)
  6 crimson imps
  9 orc priests
  6 hounds (D:8)
  Terence (D:2)
  5 iguanas
  9 orc wizards
  Ijyb (D:3)
  Natasha (twice) (D:3)
  4 worker ants
  2 hound skeletons
  A worker ant zombie (D:7)
  A howler monkey zombie (D:8)
  4 gnolls (D:5)
  7 adders
  2 shadow imps
  An adder zombie (D:6)
  An adder skeleton (D:8)
  3 worms
  2 dart slugs
  4 leopard geckos
  37 orcs
  2 bats
  2 giant cockroaches
  13 goblins
  16 hobgoblins
  2 jackals (D:6)
  2 ball pythons (D:2)
  4 frilled lizards
  13 kobolds
  11 rats
217 creatures vanquished.

Vanquished Creatures (collateral kills)
  A yak (D:10)
  A sky beast (D:7)
  2 orcs (D:10)
4 creatures vanquished.

Vanquished Creatures (others)
  2 slaves (D:8)
  A bullfrog skeleton (D:8)
  An orc wizard (D:8)
  2 orcs (D:8)
6 creatures vanquished.

Grand Total: 227 creatures vanquished

Notes
Turn   | Place    | Note
-------+----------+-------------------------------------------
     0 | D:1      | Loge the Troll Monk began the quest for the Orb.
     0 | D:1      | Reached XP level 1. HP: 22/22 MP: 0/0
     6 | D:1      | Noticed a water moccasin
     7 | D:1      | Noticed an iguana
   186 | D:1      | Reached XP level 2. HP: 26/29 MP: 1/1
   850 | D:2      | Found a glowing silver altar of Zin.
   850 | D:2      | Found a burning altar of Makhleb.
   851 | D:2      | Noticed an Executioner
   851 | D:2      | Noticed an angel
   854 | D:2      | Became a worshipper of Makhleb the Destroyer
   854 | D:2      | Reached * piety under Makhleb
   854 | D:2      | Reached ** piety under Makhleb
   873 | D:2      | Reached XP level 3. HP: 36/36 MP: 2/2
   875 | D:2      | Found a blossoming altar of Fedhas.
   939 | D:2      | Found a sparkling altar of Nemelex Xobeh.
  1116 | D:2      | Found an iron altar of Okawaru.
  1127 | D:2      | Found an opulent altar of Gozag.
  1167 | D:2      | Noticed a moth of wrath
  1170 | D:2      | Found a bloodstained altar of Trog.
  1195 | D:2      | Reached skill level 4 in Unarmed Combat
  1258 | D:3      | Reached XP level 4. HP: 34/45 MP: 3/3
  1265 | D:3      | Reached skill level 1 in Invocations
  1385 | D:3      | Noticed Ijyb
  1403 | D:3      | Killed Ijyb
  1407 | D:3      | Reached XP level 5. HP: 53/53 MP: 3/5
  1629 | D:3      | Noticed Terence
  1629 | D:3      | Noticed Natasha
  1657 | D:2      | Killed Terence
  1657 | D:2      | Reached skill level 5 in Unarmed Combat
  1864 | D:3      | Reached *** piety under Makhleb
  1891 | D:3      | Found a hazy altar of Hepliaklqana.
  2047 | D:3      | Found a hazy altar of Hepliaklqana.
  2122 | D:3      | Killed Natasha
  2195 | D:3      | Noticed Natasha
  2201 | D:3      | Killed Natasha
  2201 | D:3      | Reached XP level 6. HP: 55/61 MP: 6/6
  2375 | D:4      | Noticed an air elemental
  2378 | D:4      | Found a stormy altar of Qazlal.
  2380 | D:4      | Noticed a water elemental
  2380 | D:4      | Noticed a fire elemental
  2633 | D:4      | Found an ornate altar of the Wu Jian Council.
  2773 | D:5      | Entered Level 5 of the Dungeon
  2953 | D:5      | Noticed a sky beast
  2962 | D:5      | Killed a sky beast
  3058 | D:5      | Reached skill level 6 in Unarmed Combat
  3429 | D:5      | Reached XP level 7. HP: 70/70 MP: 8/8
  3686 | D:6      | Found a staircase to the Ecumenical Temple.
  3769 | D:6      | Reached skill level 7 in Unarmed Combat
  4071 | D:6      | Reached XP level 8. HP: 79/79 MP: 9/9
  4290 | D:6      | Reached **** piety under Makhleb
  4665 | D:7      | Noticed Harold
  4687 | D:7      | Killed Harold
  4687 | D:7      | Reached skill level 5 in Fighting
  4687 | D:7      | Reached skill level 8 in Unarmed Combat
  4912 | D:7      | Noticed Prince Ribbit
  5195 | D:7      | You fall through a shaft for 3 floors!
  5195 | D:10     | Entered Level 10 of the Dungeon
  5206 | D:10     | Reached skill level 9 in Unarmed Combat
  5206 | D:10     | Reached skill level 5 in Invocations
  5206 | D:10     | Reached XP level 9. HP: 72/88 MP: 11/11
  5665 | D:9      | Found a hide-covered altar of Uskayaw.
  5672 | D:9      | Noticed a dagger
  5672 | D:9      | Noticed a hand axe
  5730 | D:9      | Noticed Psyche
  5821 | D:8      | Reached skill level 10 in Unarmed Combat
  6346 | D:7      | Killed Prince Ribbit
  6432 | D:8      | Noticed Pikel
  6447 | D:8      | Killed Pikel
  6447 | D:8      | Reached XP level 10. HP: 91/100 MP: 13/13
  6705 | D:8      | Reached skill level 11 in Unarmed Combat
  6851 | D:8      | Found a basalt altar of Yredelemnul.
  6934 | D:8      | Reached ***** piety under Makhleb
  6971 | D:8      | Found a staircase to the Lair.
  7393 | D:8      | Found a bloodstained altar of Trog.
  7869 | D:8      | Found a basalt altar of Yredelemnul.
  7896 | D:8      | Found a staircase to the Lair.
  8013 | D:8      | Found a bloodstained altar of Trog.
  8213 | Lair:1   | Entered Level 1 of the Lair of Beasts
  8213 | Lair:1   | Found a labyrinth entrance.
  8213 | Lair:1   | Noticed a spiny frog
  8223 | Lair:1   | Killed a spiny frog
  8229 | Lab      | Entered a labyrinth
  8442 | Lab      | Noticed a minotaur
  8457 | Lab      | Hit by a javelin of returning thrown by a minotaur

Skill      XL: |  1  2  3  4  5  6  7  8  9 10 |
---------------+-------------------------------+-----
Unarmed Combat | 4 5 6 7 9 10 11 | 11.5
Fighting       | 3 4 5 6 7 |  7.2
Invocations    | 1 2 3 5 6 7 |  7.0
Dodging        | 3 |  3.2
Stealth        | |  1.0

Action                   |  1- 3 |  4- 6 |  7- 9 | 10-12 || total
-------------------------+-------+-------+-------+-------++-------
Melee: Unarmed           |    73 |   204 |   249 |   132 ||   658
       Punch             |       |     1 |     9 |     3 ||    13
Invok: Minor Destruction |       |       |     3 |       ||     3
       Lesser Servant of |       |       |     2 |     2 ||     4
  Use: Scroll            |       |       |     7 |    10 ||    17
       Potion            |       |       |       |     2 ||     2
 Stab: Sleeping          |     1 |     4 |     6 |       ||    11
       Distracted        |       |       |     3 |       ||     3
  Eat: Chunk             |    12 |    25 |    35 |    12 ||    84
Armor: Robe              |    15 |    44 |    42 |    23 ||   124
Dodge: Dodged            |    28 |    87 |    80 |    56 ||   251
